TOP OF THE 1ST |
---|
Mississippi State Bulldogs batting - Pitching for Florida State Seminoles : LHP Michael Davis | Pitching: LHP Michael Davis | | Batting: RHB Hunter Hudson | 0-0: Ball 1-0: Called Strike 1-1: Foul Ball, location: 2F 1-2: Strikes out looking | Batting: RHB Ernesto Sánchez | 0-0: Ball 1-0: Ball 2-0: Called Strike 2-1: Fly out, F7 (Flyball, 7LMF) | Batting: RHB Dan Cross | 0-0: Called Strike 0-1: Fly out, F6 (Line Drive, 6M) | Top of the 1st over - 0 runs, 0 hits, 0 errors, 0 left on base; Mississippi State 0 - Florida State 0 | BOTTOM OF THE 1ST |
---|
Florida State Seminoles batting - Pitching for Mississippi State Bulldogs : RHP Tony Torres | Pitching: RHP Tony Torres | | Batting: LHB Connor Moss | 0-0: Ball 1-0: Ball 2-0: Foul Ball, location: 2F 2-1: Hit by Pitch | Batting: RHB Bill Rice | 0-0: Ball 1-0: Ball 2-0: Fly out, F7 (Line Drive, 7) | Batting: LHB Paul Cotton | 0-0: Ball 1-0: Ball Connor Moss steals 2nd base 2-0: Ball 3-0: Called Strike 3-1: Fly out, F3 (Line Drive, 34) | Batting: LHB Jeff Stevens | 0-0: Ball 1-0: Foul Ball, location: 2F 1-1: Ground out 3-1 (Groundball, 34D) | Bottom of the 1st over - 0 runs, 0 hits, 0 errors, 1 left on base; Mississippi State 0 - Florida State 0 | TOP OF THE 2ND |
---|
Mississippi State Bulldogs batting - Pitching for Florida State Seminoles : LHP Michael Davis | Batting: SHB Tom Stewart | 0-0: Ball 1-0: Ball 2-0: SINGLE (Line Drive, 3D) | Batting: RHB Bryant Newell | 0-0: Ball 1-0: Called Strike 1-1: Called Strike 1-2: Strikes out swinging | Batting: SHB Jessie Teague | 0-0: Ball Tom Stewart is caught stealing 2nd base 1-0: Called Strike 1-1: Ball 2-1: Ball 3-1: Foul Ball, location: 2F 3-2: Strikes out swinging | Top of the 2nd over - 0 runs, 1 hit, 0 errors, 0 left on base; Mississippi State 0 - Florida State 0 | BOTTOM OF THE 2ND |
---|
Florida State Seminoles batting - Pitching for Mississippi State Bulldogs : RHP Tony Torres | Batting: RHB Tristan Dean | 0-0: Ball 1-0: Ball 2-0: Ball 3-0: Base on Balls | Batting: LHB Millard Myers | 0-0: Called Strike 0-1: SINGLE (Line Drive, 4M) Tristan Dean to second | Batting: RHB Mark Willis | 0-0: Called Strike 0-1: Ball 1-1: Fly out, F4 (Line Drive, 4) | Batting: RHB Harry Ray | 0-0: Ball 1-0: Called Strike 1-1: Ball 2-1: SINGLE (Line Drive, 7S) Tristan Dean to third Millard Myers to second | Batting: RHB Victor Whitfield | 0-0: GRAND SLAM HOME RUN (Flyball, 7D), Distance : 348 ft | Batting: LHB Connor Moss | 0-0: Foul Ball, location: 2F 0-1: Ball 1-1: SOLO HOME RUN (Flyball, 9D), Distance : 366 ft | Batting: RHB Bill Rice | 0-0: Called Strike 0-1: Foul Ball, location: 2F 0-2: Ball 1-2: Ground out 4-3 (Groundball, 4) | Batting: LHB Paul Cotton | 0-0: Ball 1-0: Foul Ball, location: 2F 1-1: Fly out, F4 (Line Drive, 4MD) | Bottom of the 2nd over - 5 runs, 4 hits, 0 errors, 0 left on base; Mississippi State 0 - Florida State 5 | TOP OF THE 3RD |
---|
Mississippi State Bulldogs batting - Pitching for Florida State Seminoles : LHP Michael Davis | Batting: SHB Matthew Hughes | 0-0: Ball 1-0: Ball 2-0: Ball 3-0: Base on Balls | Batting: RHB Héctor Garza | 0-0: Ball 1-0: Ball Wild Pitch! Matthew Hughes to second 2-0: Ball 3-0: Called Strike 3-1: Base on Balls | Batting: RHB John O'Brien | 0-0: Called Strike 0-1: Foul Ball, location: 2F 0-2: Ball 1-2: Grounds into double play, 4-6-3 (Groundball, 4) Matthew Hughes to third | Batting: RHB Hunter Hudson | 0-0: Ball 1-0: Foul Ball, location: 2F 1-1: SINGLE (Line Drive, 4MD) Matthew Hughes scores | Batting: RHB Ernesto Sánchez | 0-0: Foul Ball, location: 2F 0-1: Ground out 1-3 (Groundball, P) | Top of the 3rd over - 1 run, 1 hit, 0 errors, 1 left on base; Mississippi State 1 - Florida State 5 | BOTTOM OF THE 3RD |
---|
Florida State Seminoles batting - Pitching for Mississippi State Bulldogs : RHP Tony Torres | Batting: LHB Jeff Stevens | 0-0: Ball 1-0: Ball 2-0: Ball 3-0: Base on Balls | Batting: RHB Tristan Dean | 0-0: Ball 1-0: Foul Ball, location: 2F 1-1: Ball 2-1: Foul Ball, location: 2F 2-2: Foul Ball, location: 2F 2-2: Ball 3-2: Base on Balls Jeff Stevens to second | Batting: LHB Millard Myers | 0-0: Called Strike 0-1: Ball 1-1: Called Strike 1-2: Strikes out swinging | Batting: RHB Mark Willis | 0-0: Ball 1-0: SINGLE (Line Drive, 89S) Jeff Stevens to third Tristan Dean to second | Batting: RHB Harry Ray | 0-0: Called Strike 0-1: Called Strike 0-2: Strikes out looking | Batting: RHB Victor Whitfield | 0-0: Ball 1-0: GRAND SLAM HOME RUN (Flyball, 78XD), Distance : 372 ft | Batting: LHB Connor Moss | 0-0: Ball 1-0: Ball 2-0: Called Strike 2-1: Foul Ball, location: 2F 2-2: SOLO HOME RUN (Flyball, 9LD), Distance : 313 ft | Batting: RHB Bill Rice | 0-0: Ground out U3 (Groundball, 34S) | Bottom of the 3rd over - 5 runs, 3 hits, 0 errors, 0 left on base; Mississippi State 1 - Florida State 10 | TOP OF THE 4TH |
---|
Mississippi State Bulldogs batting - Pitching for Florida State Seminoles : LHP Michael Davis | Batting: RHB Dan Cross | 0-0: Called Strike 0-1: Ball 1-1: Ball 2-1: Fly out, F7 (Flyball, 7) | Batting: SHB Tom Stewart | 0-0: Ball 1-0: Called Strike 1-1: Ball 2-1: Ball 3-1: Base on Balls | Batting: RHB Bryant Newell | 0-0: Called Strike Tom Stewart is caught stealing 2nd base 0-1: Swinging Strike 0-2: Fly out, F9 (Flyball, 9LD) | Top of the 4th over - 0 runs, 0 hits, 0 errors, 0 left on base; Mississippi State 1 - Florida State 10 | BOTTOM OF THE 4TH |
---|
Florida State Seminoles batting - Pitching for Mississippi State Bulldogs : RHP Tony Torres | Batting: LHB Paul Cotton | 0-0: Called Strike 0-1: Ball 1-1: Ground out 6-3 (Groundball, 6) | Batting: LHB Jeff Stevens | 0-0: SINGLE (Flyball, 7LS) | Batting: RHB Tristan Dean | 0-0: Called Strike 0-1: Called Strike Jeff Stevens steals 2nd base 0-2: Ball 1-2: Ball 2-2: Ground out 6-3 (Groundball, 6) Jeff Stevens to third | Batting: LHB Millard Myers | 0-0: Swinging Strike 0-1: Ball 1-1: Foul Ball, location: 2F 1-2: Strikes out swinging | Bottom of the 4th over - 0 runs, 1 hit, 0 errors, 1 left on base; Mississippi State 1 - Florida State 10 | TOP OF THE 5TH |
---|
Mississippi State Bulldogs batting - Pitching for Florida State Seminoles : LHP Michael Davis | Batting: SHB Jessie Teague | 0-0: Ball 1-0: Ball 2-0: Called Strike 2-1: Ball 3-1: Base on Balls | Batting: SHB Matthew Hughes | 0-0: Called Strike 0-1: Swinging Strike 0-2: Ball 1-2: Ball 2-2: Ball 3-2: DOUBLE (Flyball, 8LD) Jessie Teague to third Runner from 3rd tries for Home, SAFE, no throw | Batting: RHB Héctor Garza | 0-0: Called Strike 0-1: Ball 1-1: Ball 2-1: Called Strike 2-2: Ball 3-2: Strikes out looking | Batting: RHB John O'Brien | 0-0: SINGLE (Groundball, 4D) Matthew Hughes to third Runner from 3rd tries for Home, SAFE, throw made home John O'Brien to second | Batting: RHB Hunter Hudson | 0-0: Ground out U3 (Groundball, 34S) John O'Brien to third | Batting: RHB Ernesto Sánchez | 0-0: Swinging Strike 0-1: Called Strike 0-2: Strikes out swinging | Top of the 5th over - 2 runs, 2 hits, 0 errors, 1 left on base; Mississippi State 3 - Florida State 10 | BOTTOM OF THE 5TH |
---|
Florida State Seminoles batting - Pitching for Mississippi State Bulldogs : RHP Tony Torres | Pitching: LHP Leonard Scott | | Batting: RHB Mark Willis | 0-0: Ball 1-0: Called Strike 1-1: Fly out, F4 (Popup, 4S) | Batting: RHB Harry Ray | 0-0: Called Strike 0-1: Ball 1-1: Ball 2-1: Ball 3-1: Base on Balls | Batting: RHB Victor Whitfield | 0-0: Called Strike 0-1: Called Strike 0-2: Ball 1-2: Ball 2-2: Ball 3-2: Base on Balls Harry Ray to second | Batting: LHB Connor Moss | 0-0: Ball 1-0: Called Strike 1-1: Ball 2-1: Foul Ball, location: 2F 2-2: Ball 3-2: Foul Ball, location: 2F 3-2: Base on Balls Harry Ray to third Victor Whitfield to second | Batting: RHB Bill Rice | 0-0: Ball 1-0: Called Strike 1-1: Grounds into double play, 4-6-3 (Groundball, 4) | Bottom of the 5th over - 0 runs, 0 hits, 0 errors, 2 left on base; Mississippi State 3 - Florida State 10 | TOP OF THE 6TH |
---|
Mississippi State Bulldogs batting - Pitching for Florida State Seminoles : LHP Michael Davis | Batting: RHB Dan Cross | 0-0: Ball 1-0: Foul Ball, location: 2F 1-1: Swinging Strike 1-2: SINGLE (Groundball, 4MD) | Batting: SHB Tom Stewart | 0-0: Called Strike 0-1: Called Strike 0-2: Foul Ball, location: 2F 0-2: Ball 1-2: Ball 2-2: Fielders Choice at 2nd, 3-6 (Groundball, 3) | Pitching: RHP Dale Kelley | | Batting: RHB Bryant Newell | 0-0: Ball 1-0: Ball 2-0: Ball 3-0: Called Strike 3-1: Base on Balls Tom Stewart to second | Batting: SHB Jessie Teague | 0-0: Called Strike 0-1: Ball 1-1: Ball 2-1: Swinging Strike 2-2: Ground out U3 (Groundball, 3S) Tom Stewart to third Bryant Newell to second | Batting: SHB Matthew Hughes | 0-0: Called Strike 0-1: Swinging Strike 0-2: Ball 1-2: Ball 2-2: Ball 3-2: Foul Ball, location: 2F 3-2: Base on Balls | Batting: RHB Héctor Garza | 0-0: Called Strike 0-1: Ball 1-1: Ball 2-1: Foul Ball, location: 2F 2-2: Foul Ball, location: 2F 2-2: Ball 3-2: Strikes out swinging | Top of the 6th over - 0 runs, 1 hit, 0 errors, 3 left on base; Mississippi State 3 - Florida State 10 | BOTTOM OF THE 6TH |
---|
Florida State Seminoles batting - Pitching for Mississippi State Bulldogs : LHP Leonard Scott | Batting: LHB Paul Cotton | 0-0: Ball 1-0: Called Strike 1-1: Foul Ball, location: 2F 1-2: Ball 2-2: Foul Ball, location: 2F 2-2: Foul Ball, location: 2F 2-2: Ball 3-2: Foul Ball, location: 2F 3-2: SINGLE (Flyball, 9LS) | Batting: LHB Jeff Stevens | 0-0: Foul Ball, location: 2F 0-1: Swinging Strike 0-2: Foul Ball, location: 2F 0-2: Ball 1-2: Ball 2-2: Ball 3-2: Ground out 3-1 (Groundball, 34S) Paul Cotton to second | Batting: RHB Tristan Dean | 0-0: Ball 1-0: Ball 2-0: Called Strike 2-1: Fly out, F7 (Flyball, 78M) | Batting: LHB Millard Myers | 0-0: Foul Ball, location: 2F 0-1: Called Strike 0-2: Ball 1-2: Strikes out swinging | Bottom of the 6th over - 0 runs, 1 hit, 0 errors, 1 left on base; Mississippi State 3 - Florida State 10 | TOP OF THE 7TH |
---|
Mississippi State Bulldogs batting - Pitching for Florida State Seminoles : RHP Dale Kelley | Batting: RHB John O'Brien | 0-0: Ball 1-0: Called Strike 1-1: Ball 2-1: Ball 3-1: Base on Balls | Batting: RHB Hunter Hudson | 0-0: Foul Ball, location: 2F 0-1: Swinging Strike 0-2: Foul Ball, location: 2F 0-2: Ball 1-2: SINGLE (Groundball, 6MD) John O'Brien to second Runner from 2nd tries for 3rd, SAFE, throw made to third | Batting: RHB Ernesto Sánchez | 0-0: Called Strike 0-1: Swinging Strike 0-2: Ball 1-2: Ball 2-2: Reached on error, E5 (Groundball, 56S) John O'Brien scores Hunter Hudson to third | Batting: RHB Dan Cross | 0-0: Fly out, F9 (Flyball, 89D) Runner from 3rd tags up, SCORES, throw made | Batting: SHB Tom Stewart | 0-0: Called Strike 0-1: Ball 1-1: Ball 2-1: DOUBLE (Flyball, 78XD) Ernesto Sánchez scores | Pitching: RHP Mark Graham | | Batting: RHB Bryant Newell | 0-0: Foul Ball, location: 2F 0-1: Ball 1-1: Ball 2-1: Called Strike 2-2: Foul Ball, location: 2F 2-2: Fly out, F7 (Flyball, 78M) | Batting: SHB Jessie Teague | 0-0: Ball 1-0: Called Strike 1-1: Ball 2-1: Fly out, F6 (Popup, 6) | Top of the 7th over - 3 runs, 2 hits, 1 error, 1 left on base; Mississippi State 6 - Florida State 10 | BOTTOM OF THE 7TH |
---|
Florida State Seminoles batting - Pitching for Mississippi State Bulldogs : LHP Leonard Scott | Batting: RHB Mark Willis | 0-0: Ball 1-0: Foul Ball, location: 2F 1-1: Swinging Strike 1-2: Strikes out swinging | Batting: RHB Harry Ray | 0-0: Ball 1-0: Ball 2-0: Ball 3-0: Base on Balls | Batting: RHB Victor Whitfield | 0-0: Ball 1-0: Swinging Strike 1-1: Ball 2-1: Ball 3-1: Base on Balls Harry Ray to second | Pitching: RHP Alonso Dupree | | Batting: LHB Connor Moss | 0-0: Called Strike 0-1: Fly out, F8 (Flyball, 78D) | Batting: RHB Bill Rice | 0-0: Foul Ball, location: 2F 0-1: Ball 1-1: Fly out, F9 (Line Drive, 9) | Bottom of the 7th over - 0 runs, 0 hits, 0 errors, 2 left on base; Mississippi State 6 - Florida State 10 | TOP OF THE 8TH |
---|
Mississippi State Bulldogs batting - Pitching for Florida State Seminoles : RHP Mark Graham | Batting: SHB Matthew Hughes | 0-0: Called Strike 0-1: Foul Ball, location: 2F 0-2: Ball 1-2: Strikes out swinging | Batting: RHB Héctor Garza | 0-0: Ball 1-0: Ball 2-0: Ground out 6-3 (Groundball, 6D) | Batting: RHB John O'Brien | 0-0: Swinging Strike 0-1: Ball 1-1: Ball 2-1: Called Strike 2-2: Ball 3-2: Foul Ball, location: 2F 3-2: Foul Ball, location: 2F 3-2: Strikes out swinging | Top of the 8th over - 0 runs, 0 hits, 0 errors, 0 left on base; Mississippi State 6 - Florida State 10 | BOTTOM OF THE 8TH |
---|
Florida State Seminoles batting - Pitching for Mississippi State Bulldogs : RHP Alonso Dupree | Batting: LHB Paul Cotton | 0-0: Called Strike 0-1: SINGLE (Line Drive, 34) | Batting: LHB Jeff Stevens | 0-0: Foul Ball, location: 2F 0-1: Foul Ball, location: 2F 0-2: Foul Ball, location: 2F 0-2: Ball 1-2: Ball 2-2: Fly out, F7 (Flyball, 7LM) | Batting: RHB Tristan Dean | 0-0: SINGLE (Line Drive, 3D) Paul Cotton to second | Batting: LHB Millard Myers | 0-0: Ball 1-0: Foul Ball, location: 2F 1-1: Ball 2-1: Ball 3-1: Base on Balls Paul Cotton to third Tristan Dean to second | Batting: RHB Mark Willis | 0-0: Called Strike 0-1: Ball 1-1: Fly out, F7 (Flyball, 7) Runner from 3rd tags up, SCORES, throw made | Batting: RHB Harry Ray | 0-0: Called Strike 0-1: Foul Ball, location: 2F 0-2: Foul Ball, location: 2F 0-2: Strikes out swinging | Bottom of the 8th over - 1 run, 2 hits, 0 errors, 2 left on base; Mississippi State 6 - Florida State 11 | TOP OF THE 9TH |
---|
Mississippi State Bulldogs batting - Pitching for Florida State Seminoles : RHP Mark Graham | Now at C: Dave Roberts | | Batting: RHB Hunter Hudson | 0-0: Called Strike 0-1: Ball 1-1: Ball 2-1: Called Strike 2-2: Strikes out swinging | Batting: RHB Ernesto Sánchez | 0-0: Called Strike 0-1: Swinging Strike 0-2: Ball 1-2: Foul Ball, location: 2F 1-2: Strikes out swinging, 2-3 out at first. | Batting: RHB Dan Cross | 0-0: Ball 1-0: Ball 2-0: Fly out, F9 (Flyball, 9S) | Top of the 9th over - 0 runs, 0 hits, 0 errors, 0 left on base; Mississippi State 6 - Florida State 11 | |